Unix NetHack Version 5.0.0-0 post-release - last build Jun 10 2026 00:39:30 (3ee93aec679c4c4259841fe613dc97188e26a321,branch:main).

Game began 2026-06-16 21:57:16, ended 2026-06-16 22:06:22.

Ch3Begorrah, chaotic male human Rogue

                 ----
                 ...--..
                 ..%<.).
                 ...h@--      ...
                  ... --.     -...
                  -.)......----....--..
                  |......)............-
                  ---...........--...--
                      -........  --.--
                      ---.--..    ---

Ch3Begorrah the Cutpurse  St:14 Dx:17 Co:12 In:9 Wi:12 Ch:11  Chaotic
Dlvl:3  $:56 HP:0(26) Pw:12(12) AC:7  Xp:3 T:1869 

Latest messages:
 The gnome lord hits!
 In what direction? l
 You throw 2 daggers.
 The 1st dagger hits the gnome lord.
 You kill the gnome lord!
 The 2nd dagger misses.
 g - 4 +0 daggers (at the ready) (10 in total).
 $ - 5 gold pieces (56 in total).
 There are several more objects here.
 t - 4 daggers.
 g - a +0 dagger (at the ready) (11 in total).
 g - a +0 dagger (at the ready) (12 in total).
 u - an ebony wand.
 v - a tinning kit.
 You have a little trouble lifting a sack.  Continue? [ynq] (q) q
 There is a grave here.
 Something is engraved here on the headstone.
 You read: "LDaviesPeters, killed by a gnome lord".
 There are many more objects here.
 LDaviesPeters' ghost touches you!
 You are hit by a dagger.
 The gnome thrusts one of his daggers.
 The gnome hits!
 You hit the gnome.
 The gnome reads a scroll labeled DAIYEN FOOELS!
 The gnome vanishes!
 You are hit by a crossbow bolt.
 You are hit by a crossbow bolt.
 You hit the gnome.
 You kill the gnome!
 LDaviesPeters' ghost touches you!
 You miss LDaviesPeters' ghost.
 There are several objects here.
 LDaviesPeters' ghost touches you!
 w - a gray stone.
 LDaviesPeters' ghost touches you!
 LDaviesPeters' ghost touches you!
 Are you waiting to get hit?  Use 'm' prefix to force a no-op (to rest).
 Are you waiting to get hit?  Use 'm' prefix to force a no-op (to rest).
 Are you waiting to get hit?  Use 'm' prefix to force a no-op (to rest).
 LDaviesPeters' ghost touches you!
 You hit the dwarf.
 You miss the dwarf.
 You miss the dwarf.
 You miss the dwarf.
 LDaviesPeters' ghost touches you!
 The dwarf swings her broad pick.
 The dwarf hits!
 You die...
 Do you want your possessions identified? [ynq] (y) q

Inventory:
 Coins    ('$')
  $ - 56 gold pieces
 Weapons  (')')
  r - a +0 crossbow
  j - 9 +0 darts
  b - a +0 dagger (weapon in right hand)
  g - 12 +0 daggers (at the ready)
  t - 4 cursed +0 daggers
  a - a +0 short sword (alternate weapon; not wielded)
 Armor    ('[')
  c - an uncursed +1 leather armor (being worn)
 Comestibles  ('%')
  k - a cursed clove of garlic
 Scrolls  ('?')
  o - an uncursed scroll of identify named ok
  n - 2 uncursed scrolls of magic mapping named ok
 Potions  ('!')
  q - an uncursed potion of healing
  p - a cursed potion of levitation
  d - 2 uncursed potions of sickness
  l - an uncursed potion of water
 Wands    ('/')
  i - a wand of create monster (0:13)
  u - a cursed wand of digging (0:6)
 Tools    ('(')
  f - an empty uncursed sack
  e - an uncursed lock pick named D_-
  h - an uncursed lock pick
  v - a cursed tinning kit (0:43)
 Gems/Stones  ('*')
  w - an uncursed touchstone

Ch3Begorrah the Rogue's attributes:

Background:
 You were a Cutpurse, a level 3 male human Rogue.
 You were chaotic, on a mission for Kos
 who was opposed by Issek (lawful) and Mog (neutral).
 You were right-handed.
 You were in the Gnomish Mines, on level 3.
 You entered the dungeon 1869 turns ago.
 It was nighttime.
 There was a new moon in effect when your adventure ended.
 You had 75 experience points, 5 more were needed to attain level 4.

Basics:
 You had 0 out of 26 hit points.
 You had all 12 energy points (spell power).
 Your armor class was 7.
 Your wallet contained 56 zorkmids.
 Autopickup was on for '$!/(' plus thrown, with exceptions.

Final Characteristics:
 Your strength was 14 (limit:18/100).
 Your dexterity was 17 (limit:18).
 Your constitution was 12 (limit:18).
 Your intelligence was 9 (limit:18).
 Your wisdom was 12 (limit:18).
 Your charisma was 11 (limit:18).

Final Status:
 You weren't hungry.
 You were unencumbered.
 You were wielding a dagger.
 You had basic skill with dagger.

Final Attributes:
 You were devoutly aligned.
 You were stealthy.
 You were warded.
 You are dead.

Miscellaneous:
 You encountered 1 bones level.
 Total elapsed playing time was 9 minutes and 6 seconds.

Major events:
 Turn
    1: Ch3Begorrah the chaotic male human Rogue entered the dungeon
  817: entered the Gnomish Mines
 1408: attained the rank of Cutpurse (level 3)
 1869: killed by a dwarf

You didn't know any spells.

Skills:
 Fighting Skills
   bare handed combat [Unskilled]
   two weapon combat  [Unskilled]
   riding             [Unskilled]
 Weapon Skills
   dagger             [Basic]
   knife              [Unskilled]
   short sword        [Basic]
   broadsword         [Unskilled]
   long sword         [Unskilled]
   two-handed sword   [Unskilled]
   saber              [Unskilled]
   club               [Unskilled]
   mace               [Unskilled]
   morning star       [Unskilled]
   flail              [Unskilled]
   hammer             [Unskilled]
   polearms           [Unskilled]
   spear              [Unskilled]
   crossbow           [Unskilled]
   dart               [Unskilled]
   shuriken           [Unskilled]
 Spellcasting Skills
   divination spells  [Unskilled]
   escape spells      [Unskilled]
   matter spells      [Unskilled]

Voluntary challenges:
 Character rerolling was not enabled.
 You followed a strict vegan diet.
 You never genocided any monsters.
 You never polymorphed an object.
 You never changed form.
 You used no wishes.
Achievements:
 You entered the Gnomish Mines.
 You attained the rank of Cutpurse.

 The Dungeons of Doom: levels 1 to 5
    Level 1:
    Level 2:
       Stairs down to The Gnomish Mines.
    Level 3:
    Level 4:
       A fountain.
    Level 5:
 The Gnomish Mines:
    Level 3: <- You were here.
       A grave.
       Final resting place for
          you, killed by a dwarf,
          LDaviesPeters-Arc-Hum-Fem-Neu, killed by a gnome lord.


Vanquished creatures:
  a gnome leader
 an iguana
  a hobgoblin
  a giant rat
  a yellow mold
  3 gnomes
  a gecko
  6 jackals
  6 grid bugs
  3 lichens
  2 kobold zombies
  2 newts
28 creatures vanquished.

No species were genocided or became extinct.

Game over:
                       ----------
                      /          \
                     /    REST    \
                    /      IN      \
                   /     PEACE      \
                  /                  \
                  |   Ch3Begorrah    |
                  |      56 Au       |
                  |   killed by a    |
                  |      dwarf       |
                  |                  |
                  |                  |
                  |       2026       |
                 *|     *  *  *      | *
        _________)/\\_//(\/(/\)/\//\/|_)_______

Goodbye Ch3Begorrah the Rogue...

You died in The Gnomish Mines on dungeon level 3 with 571 points,
and 56 pieces of gold, after 1869 moves.
You were level 3 with a maximum of 26 hit points when you died.

